 Dungeon Crawl Stone Soup version 0.31-a0-188-g5e087ee2ca (webtiles) character file.

Game seed: 10191159350847665567

19 qw the Shooter (level 2, -1/16 HPs)
             Began as a Deep Elf Hunter on June 23, 2023.
             Succumbed to their own poison gas
             ... on level 1 of the Dungeon.
             The game lasted 00:00:11 (736 turns).

qw the Shooter (Deep Elf Hunter)                     Turns: 736, Time: 00:00:12

Health: -1/16      AC:  3    Str:  8    XL:     2   Next: 55%
Magic:  4/4        EV: 12    Int: 13    God:
Gold:   80         SH:  0    Dex: 18    Spells: 1/1 levels left

rFire   . . .        i - +0 shortbow (heavy)
rCold   . . .        (shield currently unavailable)
rNeg    . . .        c - +0 leather armour
rPois   .            (no helmet)
rElec   .            (no cloak)
rCorr   .            (no gloves)
SInv    .            (no boots)
Will    .....        (no amulet)
Stlth   ++           h - ring of willpower
HPRegen 0.22/turn    (no ring)
MPRegen 0.09/turn

%: no passive effects
@: lethally poisoned (-1 -> -11), weak-willed
A: no striking features
a: no special abilities


You were on level 1 of the Dungeon.
You visited 1 branch of the dungeon, and saw 1 of its levels.

You collected 80 gold pieces.


   Skills:
 - Level 1.5 Fighting
 + Level 6.3 Ranged Weapons
 - Level 2.4 Dodging
 - Level 1.2 Stealth


You had one spell level left.
You didn't know any spells.
Your spell library was empty.

Inventory:

Hand Weapons
 i - a +0 heavy shortbow (weapon)
Armour
 c - a +0 leather armour (worn)
Jewellery
 h - a ring of willpower (left hand)
Scrolls
 g - a scroll of brand weapon
Potions
 e - a potion of cancellation {unknown}

Dungeon Overview and Level Annotations

Branches:
Dungeon (1/15)

Altars:


Message History

Done exploring.
730 ||| READING scroll labelled SUKLISIPRE.
As you read the scroll labelled SUKLISIPRE, it crumbles to dust.
Magic quickly surges around you.
It was a scroll of vulnerability.
Done exploring.
731 ||| READING 2 scrolls labelled SONYAM YBUROUJOI.
As you read the scroll labelled SONYAM YBUROUJOI, it crumbles to dust.
It is a scroll of brand weapon.
Your +0 shortbow becomes incredibly heavy!
Y - a +0 heavy shortbow (weapon)
Done exploring.
732 ||| READING scroll labelled ZAUCZO DOXOSE.
The air fills with toxic fumes!
As you read the scroll labelled ZAUCZO DOXOSE, it crumbles to dust.
It was a scroll of poison.
Done exploring.
733 ||| DROPPING scroll of butterflies.
You drop a scroll of butterflies.
Done exploring.
(D) Dungeon
Where to? (* - list waypoints, ? - help)
What level of the Dungeon? (default 1, ? - help) Sorry, I don't know how to get there.
Enter note:
Enter note:
Enter note:
Enter note:
Enter note:
Enter note:
Enter note:
Enter note:
Enter note: Really walk into that cloud of poison gas?
You are engulfed in poison gas.
You are lethally poisoned!
Ouch! That really hurt!
You feel very sick.
735 ||| Stepping ~*~*~tactically~*~*~ (cloud).
You feel very sick.
You see here a scroll of butterflies.
There is a lethal amount of poison in your body!
You die...

#.# #.#
####.#######################
...........................#
###.######.#.#############.#
..#........#.#### #.#
#.##########>##¤## #.# #.#
#.#¤¤¤## #.# %.# #¤¤¤¤@¤#
#.# %.# ###¤¤¤## #.# ..###
### ##¤## #.# ....#
##.#####¤# #.# ..#.#
#.#....¤¤# #.# ..#.#
##.####### #.# ..#.# #.# #.#
..#.# #.# #.# ....# #.# #.#


There were no monsters in sight!

Vanquished Creatures
  A dart slug (D:1)
  2 bats (D:1)
  3 endoplasms (D:1)
  A giant cockroach (D:1)
  3 hobgoblins (D:1)
  A kobold (D:1)
  A goblin (D:1)
  3 rats (D:1)
15 creatures vanquished.

Notes
Turn   | Place    | Note
-------+----------+-------------------------------------------
     0 | D:1      | qw the Deep Elf Hunter began the quest for the Orb.
     0 | D:1      | Reached XP level 1. HP: 12/12 MP: 3/3
     0 | D:1      | 0 ||| qw: Version: 0.3-a-9-g12657ce
     0 | D:1      | 0 ||| qw: Game counter: 4337
     0 | D:1      | 0 ||| qw: Always use a shield: true
     0 | D:1      | 0 ||| qw: God list: Okawaru
     0 | D:1      | 0 ||| qw: Allow faded altars: false
     0 | D:1      | 0 ||| qw: Do Orc after D:15 true
     0 | D:1      | 0 ||| qw: Do second Lair branch before Depths: true
     0 | D:1      | 0 ||| qw: Lair rune preference: random
     0 | D:1      | 0 ||| qw: Plans: Normal
     0 | D:1      | 0 ||| PLANNING D:1-11
   166 | D:1      | HP: 3/12 [kobold/+0 whip (5)]
   229 | D:1      | Found a faded altar of an unknown god.
   309 | D:1      | Reached skill level 6 in Ranged Weapons
   309 | D:1      | Reached XP level 2. HP: 16/16 MP: 4/4
   728 | D:1      | 728 ||| UPGRADING to ring of willpower.
   729 | D:1      | 729 ||| READING scroll labelled OFOONE UX FUAW.
   730 | D:1      | 730 ||| READING scroll labelled SUKLISIPRE.
   731 | D:1      | 731 ||| READING 2 scrolls labelled SONYAM YBUROUJOI.
   732 | D:1      | 732 ||| READING scroll labelled ZAUCZO DOXOSE.
   733 | D:1      | 733 ||| DROPPING scroll of butterflies.
   734 | D:1      | HP: 4/16 [poisoned by you (poison gas)]
   735 | D:1      | 735 ||| Stepping ~*~*~tactically~*~*~ (cloud).
   736 | D:1      | Succumbed to their own poison gas

Levels and vault maps discovered:
D:1:      tarquinn_simple_flora_water_e, layout_loops_ring,
          ebering_ecumenical_altar_petrified, minmay_fountain_box

Skill      XL: |  1 |
---------------+----+-----
Ranged Weapons | 6 |  6.3
Fighting       | |  1.5
Dodging        | |  2.4
Stealth        | |  1.2

Action                     || total
---------------------------++-------
   Fire: Shortbow          ||    32
    Use: Scroll            ||     4
 Armour: Leather armour    ||     1
  Dodge: Dodged            ||     7

Table legend:
 A = Non-vault XP
 B = Vault XP
 C = Vault XP percentage of total XP
 D = Non-vault monster count
 E = Vault monster count
 F = Vault count percentage of total count
                 A         B        C        D         E       F
            +---------+---------+-------+---------+---------+-------
      Total |      28 |       0 |   0.0 |      15 |       0 |   0.0
            +---------+---------+-------+---------+---------+-------
        D:1 |      28 |       0 |   0.0 |      15 |       0 |   0.0
            +---------+---------+-------+---------+---------+-------
